 Dungeon Crawl Stone Soup version 0.29.1-2-gbd0b4ee654 (webtiles) character file.

Game seed: 15751030435180988089

2475 amavritansky the Grappler (level 9, -5/72 HPs)
             Began as a Ghoul Monk on Nov 14, 2022.
             Was an Elder of Okawaru.
             Slain by a red ugly thing (24 damage)
             ... on level 8 of the Dungeon.
             The game lasted 00:32:11 (7592 turns).

amavritansky the Grappler (Ghoul Monk)              Turns: 7592, Time: 00:32:11

Health: -5/72      AC: 12    Str: 19    XL:     9   Next: 51%
Magic:  8/8        EV: 15    Int:  7    God:    Okawaru [****..]
Gold:   1627       SH:  0    Dex: 19    Spells: 8/8 levels left

rFire   x . .      SeeInvis .     - Unarmed
rCold   + . .      Faith    .   (no shield)
rNeg    + + +      Spirit   .   u - +1 robe {Will+}
rPois   ∞          Reflect  .   d - +1 helmet
rElec   .          Harm     .   h - +0 cloak
rCorr   .          Rampage  .   (no gloves)
Will    +....                   l - +1 pair of boots
Stlth   ++++......              j - amulet "Sigriha" {RegenMP rPois rF- Str+4 Dex+6}
HPRegen 0.00/turn               a - +4 ring of protection
MPRegen 0.51/turn               (no ring)

@: inhibited regen
A: claws 1, cold resistance 1, negative energy resistance 3, inhibited
regeneration, torment resistance 2, devour on kill
a: Renounce Religion, Heroism, Finesse


You were on level 8 of the Dungeon.
You worshipped Okawaru.
Okawaru was greatly pleased with you.
You visited 2 branches of the dungeon, and saw 9 of its levels.

You collected 1627 gold pieces.

Inventory:

Armour
 d - a +1 helmet (worn)
 h - a +0 cloak (worn)
 l - a +1 pair of boots (worn)
 s - a +1 pair of gloves
 u - a +1 robe of willpower (worn)
Jewellery
 a - a +4 ring of protection (left claw)
 j - the amulet "Sigriha" (around neck) {RegenMP rPois rF- Str+4 Dex+6}
   (You found it on level 2 of the Dungeon)

   [amulet of magic regeneration]

   It increases your rate of magic regeneration.
   Str:       It affects your strength (+4).
   Dex:       It affects your dexterity (+6).
   rF:        It makes you vulnerable to fire.
   rPois:     It protects you from poison.
Wands
 b - a wand of flame (28)
 o - a wand of iceblast (14)
 q - a wand of quicksilver (24)
Scrolls
 g - 3 scrolls of enchant weapon
 n - 4 scrolls of teleportation
 p - a scroll of identify
 t - a scroll of amnesia
Potions
 c - a potion of curing
 e - a potion of resistance
 f - 2 potions of haste
 i - a potion of might
 k - 3 potions of heal wounds
 m - a potion of invisibility
 r - a potion of brilliance


   Skills:
 + Level 4.6 Fighting
 + Level 0.1 Throwing
 + Level 5.1 Dodging
 + Level 8.0 Stealth
 + Level 10.5 Unarmed Combat


You had 8 spell levels left.
You didn't know any spells.
Your spell library contained the following spells:

 Spells                   Type           Power      Damage    Failure   Level
 Necrotise                Necr           0%         1d4       43%         1
 Blink                    Tloc           0%         N/A       56%         2
 Ensorcelled Hibernation  Hex/Ice        0%         N/A       56%         2
 Poisonous Vapours        Pois/Air       0%         N/A       56%         2
 Lesser Beckoning         Tloc           0%         N/A       80%         3
 Vampiric Draining        Necr           0%         2d6       80%         3
 Anguish                  Hex/Necr       0%         N/A       99%         4
 Corpse Rot               Necr/Pois/Air  0%         N/A       99%         4
 Olgreb's Toxic Radiance  Pois           0%         N/A       99%         4
 Agony                    Necr           0%         N/A       100%        5
 Manifold Assault         Tloc           0%         N/A       100%        5
 Ozocubu's Refrigeration  Ice            0%         4d7       100%        7
 Ignition                 Fire           0%         3d3       100%        8
 Spider Form              Tmut/Pois      Unusable   N/A       N/A         3

Dungeon Overview and Level Annotations

Branches:
Dungeon (8/15)             Temple (1/1) D:5
   Lair: D:8-11

Altars:
Ashenzari
Cheibriados
Dithmenos
Fedhas
Hepliaklqana
Kikubaaqudgha
Makhleb
Nemelex Xobeh
Okawaru
Qazlal
Ru
Trog
Uskayaw
Vehumet
Xom
Yredelemnul
Lugonu


Innate Abilities, Weirdness & Mutations

You are immune to poison.
You have sharp fingernails.
Your flesh is cold resistant. (rC+)
You are immune to negative energy. (rN+++)
You do not regenerate when monsters are visible.
You are immune to unholy pain and torment.
You thrive by killing the living.


Message History

You mangle the bullfrog!!
The bullfrog is almost dead.
The bullfrog hits you.
You claw the bullfrog!
You kill the bullfrog!
Okawaru accepts your kill.
Found a stone staircase leading up.
You see here a bullfrog corpse.
You hear the hiss of a very distant avalanche of sand.
Found an escape hatch in the floor.
A killer bee comes into view.
The killer bee buzzes angrily.
You hear a horrible gurgling sound!
You hear an angry buzzing noise.
A red ugly thing comes into view.
Found 20 gold pieces.
The killer bee barely misses you.
You closely miss the killer bee. The killer bee barely misses you.
You barely miss the killer bee.
A killer bee comes into view.
The killer bee misses you.
The killer bee moves out of view.
You completely miss the red ugly thing. Your claw misses the red ugly thing.
You barely miss the red ugly thing. The red ugly thing pecks you.
You are engulfed in flames!!
The fire burns you terribly!
You mangle the red ugly thing!!
The red ugly thing is moderately wounded.
The red ugly thing pecks you but does no damage.
You scratch the red ugly thing.
The red ugly thing is moderately wounded.
You barely miss the red ugly thing.
The red ugly thing is moderately wounded.
The red ugly thing barely misses you.
You claw the red ugly thing!
The red ugly thing is heavily wounded.
The red ugly thing pecks you.
You are engulfed in flames!!
The fire burns you terribly!
You claw the red ugly thing!
The red ugly thing is severely wounded.
The red ugly thing pecks you.
* * * LOW HITPOINT WARNING * * *
You are engulfed in flames!!
The fire burns you terribly!
You die...

#.#
##........#
#.#
##.........#
#.#
#.........##
#.#
##.........#
#.#
#..........#
.#
#.........##
###..######
##.>## #.@##
#.u## ....y
.......
...$...
.......
.......
#.....$


You could see a red ugly thing and a killer bee.

Vanquished Creatures
  Grinder (D:3)
  A steam dragon (D:6)
  A water moccasin (D:8)
  A black bear (D:7)
  An ice beast (D:7)
  4 ogres
  A phantom (D:6)
  2 kobold brigands
  2 bullfrogs
  A necrophage (D:6)
  A scorpion (D:7)
  5 wights (D:7)
  2 howler monkeys
  5 hounds
  3 orc priests (D:5)
  8 iguanas
  Terence (D:3)
  3 orc wizards
  6 adders
  A shadow imp (D:6)
  2 ufetubi
  4 worms
  6 dart slugs
  14 orcs
  4 bats
  2 bat zombies (D:4)
  11 endoplasms
  4 giant cockroaches (D:1)
  A hobgoblin (D:1)
  4 jackals (D:1)
  3 quokkas
  2 ball pythons
  6 frilled lizards
  10 goblins
  14 kobolds
  2 rats (D:3)
139 creatures vanquished.

Vanquished Creatures (others)
  7 plants (D:4)
7 creatures vanquished.

Grand Total: 146 creatures vanquished

Notes
Turn   | Place    | Note
-------+----------+-------------------------------------------
     0 | D:1      | amavritansky the Ghoul Monk began the quest for the Orb.
     0 | D:1      | Reached XP level 1. HP: 19/19 MP: 0/0
   173 | D:1      | Reached XP level 2. HP: 26/26 MP: 1/1
   617 | D:1      | Identified a scroll of acquirement
   617 | D:1      | Acquired 1219 gold pieces
   662 | D:2      | Reached XP level 3. HP: 31/31 MP: 2/2
   777 | D:2      | Reached skill level 4 in Unarmed Combat
   892 | D:2      | Identified the amulet "Sigriha" {RegenMP rPois rF- Str+4
                  | Dex+6}
   993 | D:2      | Found a faded altar of an unknown god.
  1404 | D:3      | Reached XP level 4. HP: 34/39 MP: 3/3
  1549 | D:3      | Noticed Terence
  1565 | D:3      | Killed Terence
  2075 | D:3      | Found a broken altar of Ashenzari.
  2266 | D:3      | Found an iron altar of Okawaru.
  2276 | D:3      | Found a stormy altar of Qazlal.
  2276 | D:3      | Noticed Grinder
  2291 | D:3      | Paralysed by Grinder for 4 turns
  2310 | D:3      | Killed Grinder
  2311 | D:3      | Reached skill level 5 in Unarmed Combat
  2311 | D:3      | Reached XP level 5. HP: 11/46 MP: 4/4
  2311 | D:3      | Reached XP level 6. HP: 13/52 MP: 5/5
  2328 | D:3      | Found a snail-covered altar of Cheibriados.
  2337 | D:3      | Found a hazy altar of Hepliaklqana.
  2349 | D:3      | Became a worshipper of Warmaster Okawaru
  2349 | D:3      | Reached * piety under Okawaru
  2349 | D:3      | Reached ** piety under Okawaru
  2730 | D:4      | Found a shadowy altar of Dithmenos.
  3288 | D:4      | Found an ancient bone altar of Kikubaaqudgha.
  3325 | D:5      | Entered Level 5 of the Dungeon
  3452 | D:5      | Reached skill level 6 in Unarmed Combat
  3530 | D:5      | Reached XP level 7. HP: 56/58 MP: 6/6
  3575 | D:5      | Reached skill level 5 in Stealth
  3935 | D:5      | Reached skill level 7 in Unarmed Combat
  4574 | D:5      | Found a basalt altar of Yredelemnul.
  4574 | D:5      | Found a burning altar of Makhleb.
  4685 | D:5      | Found a staircase to the Ecumenical Temple.
  4692 | Temple   | Entered the Ecumenical Temple
  4793 | D:6      | Found a hide-covered altar of Uskayaw.
  4856 | D:6      | Noticed a +0 short sword
  4857 | D:6      | Noticed a +0 short sword
  4868 | D:6      | Noticed a +0 dagger
  4868 | D:6      | Noticed a +0 dagger
  4889 | D:6      | Noticed a +0 falchion
  4889 | D:6      | Noticed a +0 spear
  4892 | D:6      | Noticed a +0 falchion
  4893 | D:6      | Noticed a +0 spear
  4908 | D:6      | Reached XP level 8. HP: 64/66 MP: 7/7
  5116 | D:6      | Reached skill level 8 in Unarmed Combat
  5147 | D:6      | Reached *** piety under Okawaru
  5927 | D:6      | Reached skill level 9 in Unarmed Combat
  6540 | D:7      | Reached XP level 9. HP: 72/72 MP: 8/8
  6913 | D:7      | Reached skill level 10 in Unarmed Combat
  6914 | D:7      | Reached **** piety under Okawaru
  6915 | D:7      | Reached skill level 5 in Dodging
  7423 | D:8      | Received a gift from Okawaru
  7582 | D:8      | Noticed a red ugly thing
  7592 | D:8      | Slain by a red ugly thing

Illustrated notes

Levels and vault maps discovered:
D:1:      dpeg_arrival_tiny_d, layout_basic, minmay_pentomino_v2
D:2:      layout_loops_ring, hellmonk_ecumenical_altar_inner_sanctum,
          amcnicky_mini_rare_corridor_liquid
D:3:      layout_loops_ring, grunt_temple_overflow_cloverleaf,
          evilmike_ruin_ashenzari, minivault_11, minmay_ruptured, uniq_terence,
          uniq_grinder
D:4:      layout_rooms, pf_just_have_faith, lemuel_zombie_altar_kikubaaqudgha,
          minmay_lizard_king
D:5:      layout_basic, amethyst_overflow_temple_binary, temple_statues
D:6:      layout_cave_pods, nicolae_uskayaw_en_pointe
D:7:      layout_cave_pods, grunt_ministairs_14
D:8:      layout_cave_pods, nzn_wu_jian_council_hall, lair_entry_dummy,
          enter_ossuary_2, minmay_manual_moon
Temple:   corrupted_temple

Skill      XL: |  1  2  3  4  5  6  7  8  9 |
---------------+----------------------------+-----
Dodging        | 3 4 5 |  5.1
Unarmed Combat | 4 5 6 7 9 10 | 10.5
Stealth        | 4 5 6 8 |  8.0
Fighting       | 4 |  4.6
Throwing       | |  0.1

Action                   |  1- 3 |  4- 6 |  7- 9 || total
-------------------------+-------+-------+-------++-------
Melee: Unarmed           |    99 |   163 |   239 ||   501
       Punch             |     1 |     6 |    14 ||    21
Throw: Throwing net      |       |       |     1 ||     1
  Use: Scroll            |     7 |     7 |     7 ||    21
       Potion            |       |     1 |       ||     1
 Stab: Sleeping          |     9 |    13 |    14 ||    36
       Held in net/web   |       |       |     1 ||     1
Armor: Robe              |    17 |    24 |    69 ||   110
Dodge: Dodged            |    42 |   100 |   145 ||   287
